Map: Magannatha LE

Players

SKillous

  • Race: Protoss Protoss
  • League: Master
  • Spawn Location: 5:00

LiquidClem (Clem) - Winner!

  • Race: Terran Terran
  • Spawn Location: 11:00

Event: FEL Cracov 2025

VOD

Have the link to the VOD?

Description

Time

  • Played on: July 27, 2025, 11:26 a.m.
  • Length: 9:34

All games in this series

Show
View Real Time Build Order
Export as new Build Order

SKillous Protoss 

Build Orders: 1 Gate Expand, Phoenix Opening 

Get SALT Encoding   

  12  0:00  Probe  
  13  0:12  Probe  
  14  0:17  Pylon  
  14  0:24  Probe  
  15  0:32  Probe  
  15  0:36  Gateway  
  15  0:40  Probe  
  16  0:46  Assimilator  
  17  0:51  Probe  
  18  1:03  Probe  
  19  1:19  Nexus  
  19  1:28  Cybernetics Core  
  19  1:31  Probe  
  20  1:36  Assimilator  
  20  1:43  Probe  
  20  1:46  Pylon  
  21  1:53  Stalker  
  21  1:55  Probe  
  22  2:07  Probe  
  25  2:13  Stalker  
  25  2:18  Stargate  
  25  2:19  Probe  
  26  2:27  Probe  
  28  2:31  Probe  
  28  2:35  Probe  
  30  2:43  Stalker, Probe  
  32  2:45  Probe  
  35  2:55  Probe  
  35  2:57  Probe  
  35  3:06  Phoenix, Probe  
  35  3:09  Probe  
  38  3:15  Probe  
  38  3:17  Twilight Council  
  39  3:21  Probe  
  39  3:25  Probe  
  41  3:30  Phoenix  
  41  3:32  Pylon  
  41  3:33  Probe  
  45  3:41  Probe  
  45  3:45  Probe  
  46  3:53  Probe  
  46  3:56  Phoenix  
  46  3:59  Probe  
  49  4:12  Probe x2  
  49  4:14  Charge  
  51  4:21  Phoenix  
  51  4:22  Nexus  
  51  4:24  Warp Gate  
  51  4:25  Probe  
  50  4:34  Probe  
  50  4:37  Probe  
  52  4:41  Pylon  
  52  4:42  Gateway  
  52  4:43  Gateway  
  52  4:45  Gateway  
  52  4:48  Shield Battery  
  52  4:51  Zealot  
  54  4:59  Assimilator, Probe x2  
  56  5:02  Phoenix  
  58  5:08  Forge  
  58  5:11  Probe  
  58  5:13  Probe  
  60  5:17  Pylon  
  60  5:22  Protoss Ground Weapons Level 1  
  60  5:24  Probe  
  60  5:25  Probe  
  62  5:29  Gateway x2  
  62  5:31  Probe  
  63  5:36  Probe  
  63  5:37  Probe  
  63  5:40  Gateway  
  63  5:41  Gateway  
  65  5:45  Probe  
  65  5:48  Probe  
  65  5:49  Pylon  
  67  5:53  Robotics Facility  
  67  5:55  Probe  
  68  5:58  Probe  
  68  6:02  Probe  
  70  6:12  Gateway  
  70  6:13  Zealot x3  
  70  6:15  Gateway, Zealot  
  78  6:20  Templar Archives  
  78  6:21  Pylon  
  78  6:26  Probe, Pylon  
  78  6:27  Sentry  
  78  6:29  Probe  
  82  6:34  Zealot x3  
  82  6:37  Pylon  
  88  6:46  Zealot x4  
  96  6:53  Zealot  
  98  6:56  Zealot x3  
  104  7:07  Zealot x5  
  106  7:10  Zealot  
  85  7:19  Zealot  
  85  7:20  Zealot x3  
  70  7:27  Zealot x2  
  70  7:47  Probe x2  
  69  7:54  Phoenix, Zealot x3  
  69  7:55  Zealot x3  
  72  8:07  Stalker x2  
  72  8:11  Probe  
  72  8:12  Probe x2  
  73  8:20  Zealot x2  
  73  8:24  Probe, Sentry  
  73  8:26  Zealot  
  80  8:30  Zealot  
  80  8:32  Zealot  
  80  8:36  Zealot  
  80  8:37  Zealot  
  66  8:41  Zealot  
  66  8:44  Zealot  
  66  8:46  Zealot  
  59  8:51  Zealot  
  59  8:54  High Templar x2  
  54  8:57  Archon  
Show
View Real Time Build Order
Export as new Build Order

LiquidClem Terran - Winner!

Build Orders: 1/1/1 

Get SALT Encoding   

  12  0:00  SCV  
  13  0:12  SCV  
  14  0:16  Supply Depot  
  14  0:24  SCV  
  15  0:38  SCV  
  15  0:39  Barracks  
  16  0:43  Refinery  
  16  0:50  SCV  
  16  0:52  Refinery  
  17  1:02  SCV  
  18  1:14  SCV  
  19  1:26  Reaper, Orbital Command  
  19  1:29  Supply Depot  
  20  1:39  Factory  
  20  1:52  SCV  
  21  1:58  Reaper  
  22  2:04  SCV  
  23  2:15  Command Center  
  23  2:18  SCV  
  24  2:25  Starport  
  24  2:30  SCV  
  24  2:32  Widow Mine  
  27  2:37  Supply Depot  
  27  2:41  Barracks Reactor  
  27  2:43  SCV  
  28  2:54  Widow Mine  
  28  2:56  SCV  
  30  3:08  SCV  
  30  3:09  Viking  
  32  3:16  Factory Tech Lab  
  32  3:18  Marine x2  
  34  3:20  SCV  
  34  3:26  Orbital Command  
  35  3:33  SCV  
  36  3:34  Cyclone  
  36  3:36  Marine  
  36  3:39  Marine  
  41  3:43  Supply Depot  
  41  3:46  SCV  
  42  3:51  SCV  
  43  3:58  Marine x2, SCV  
  43  4:03  SCV  
  43  4:09  Cyclone  
  45  4:10  Starport Tech Lab, SCV  
  45  4:15  SCV  
  45  4:16  Barracks  
  46  4:20  Marine x2  
  46  4:22  SCV  
  48  4:28  SCV  
  48  4:29  Barracks  
  49  4:35  SCV  
  50  4:41  Marine x2, Engineering Bay, SCV  
  53  4:45  Starport Reactor  
  53  4:47  Siege Tank  
  53  4:49  Refinery  
  53  4:51  SCV  
  57  4:55  Supply Depot  
  57  4:56  SCV  
  58  5:02  Marine x2  
  58  5:03  SCV  
  61  5:08  Terran Infantry Weapons Level 1, SCV  
  61  5:11  Stimpack  
  62  5:16  Marine  
  62  5:18  Supply Depot  
  63  5:23  Barracks  
  63  5:25  Barracks  
  63  5:28  Combat Shield, Marine  
  63  5:31  Factory Tech Lab  
  63  5:32  Marine  
  63  5:33  Marine  
  63  5:34  Marine  
  67  5:40  Supply Depot  
  67  5:45  Medivac x2  
  67  5:48  Marine  
  72  5:52  Marine  
  72  5:53  Marine x2, Supply Depot  
  75  5:58  Siege Tank  
  75  6:00  Supply Depot  
  78  6:06  Marine  
  78  6:10  Supply Depot, Marine x3  
  82  6:11  Marine  
  82  6:12  Marine  
  82  6:16  Medivac  
  86  6:24  Supply Depot, Marine  
  87  6:26  Medivac  
  87  6:28  Marine x3  
  87  6:29  Marine  
  87  6:30  Marine  
  94  6:42  Marine, Supply Depot  
  94  6:46  Marine x3  
  95  6:47  Marine, Siege Tank  
  95  6:49  Concussive Shells  
  95  6:51  Marine  
  100  7:00  Marine  
  101  7:07  Medivac  
  98  7:15  Marine  
  80  7:16  Marine  
  80  7:18  Medivac  
  80  7:19  Marine  
  80  7:20  Marine  
  80  7:22  Marine  
  59  7:26  Marine  
  53  7:32  Marine  
  53  7:36  Marine  
  53  7:37  Siege Tank  
  57  7:39  Marine  
  57  7:42  Marine  
  59  7:50  Marine  
  59  7:51  Marine  
  60  7:54  Medivac  
  60  7:57  Marine x2  
  65  7:59  Marine  
  65  8:01  Marine  
  65  8:08  Marine  
  65  8:09  Marine  
  66  8:15  Marine x2  
  66  8:16  Siege Tank  
  71  8:21  Marine x2  
  71  8:26  Marine  
  71  8:27  Medivac  
  74  8:35  Marine x2  
  74  8:39  Marine  
  74  8:40  Marine x2  
  73  8:47  Medivac, Marine  
  73  8:52  Marine  
  73  8:53  Marine  
  71  8:58  Marine  
Tags
 
Add a new tag
Caveats
  • Supply blocks, unpowered buildings, or Contaminate may cause inaccurate times.
  • Supply counts are checked every 10 seconds.